 Dungeon Crawl Stone Soup version 0.30-b1-2-g02819fbbbe (webtiles) character file.

Game seed: 11384499783035085493

1037 Alarkh the Insei (level 8, 60/60 HPs)
             Began as a Demonspawn Artificer on Nov 26, 2023.
             Got out of the dungeon alive.
             The game lasted 00:05:26 (4955 turns).

Alarkh the Insei (Demonspawn Artificer)             Turns: 4955, Time: 00:05:27

Health: 60/60      AC:  3    Str: 12    XL:     8   Next: 4%
Magic:  8/8        EV: 11    Int: 16    God:
Gold:   433        SH:  0    Dex: 13    Spells: 7/7 levels left

rFire   . .          .
                       - Unarmed
rCold   . . .        (no shield)
rNeg    . . .        b - +0 leather armour
rPois   .            (helmet restricted)
rElec   .            (no cloak)
rCorr   .            (no gloves)
SInv    .            (no boots)
Will    .....        (no amulet)
Stlth   +            (no ring)
HPRegen 0.30/turn    (no ring)
MPRegen 0.11/turn

%: no passive effects
@: no status effects
A: antennae 1, demonic guardian 1, powered by death 1, weakness stinger 1,
demonic touch 1
a: no special abilities


You escaped.
You visited 1 branch of the dungeon, and saw 6 of its levels.
You also visited: Sewer.

You collected 433 gold pieces.

Inventory:

Armour
 a - a +2 pair of gloves
 b - a +0 leather armour (worn)
 u - the +2 buckler of Zyjaqeuq {rPois}
   (You found it on level 5 of the Dungeon)

   rPois:     It protects you from poison.
 v - the +8 chain mail of the Amoeba {rN+ rCorr}
   (You found it on level 6 of the Dungeon)

   rN:        It protects you from negative energy.
   rCorr:     It protects you from acid and corrosion.
Magical Staves
 i - a staff of cold
Jewellery
 x - a ring of magical power
Wands
 c - a wand of flame (8)
 d - a wand of charming (15)
 e - a wand of iceblast (2) (quivered)
Scrolls
 f - 2 scrolls of blinking {unknown}
 g - a scroll of enchant weapon {unknown}
 h - a scroll of magic mapping {unknown}
 n - 5 scrolls of teleportation {unknown}
 o - 2 scrolls of fog {unknown}
 p - 5 scrolls of identify {unknown}
 q - a scroll of vulnerability {unknown}
 s - 2 scrolls of noise {unknown}
 t - 4 scrolls of poison {unknown}
Potions
 j - 5 potions of heal wounds
 k - a potion of mutation {unknown}
 l - a potion of lignification {unknown}
 m - 3 potions of resistance {unknown}
 r - 4 potions of curing
 w - 3 potions of flight
 z - a potion of haste {unknown}


   Skills:
 + Level 4.0 Fighting
 - Level 1.9 Armour
 - Level 1.1 Dodging
 - Level 1.1 Stealth
 * Level 7.4 Unarmed Combat
 - Level 3.1 Evocations


You had 7 spell levels left.
You didn't know any spells.
Your spell library contained the following spells:

 Spells                   Type           Power      Damage    Failure   Level
 Magic Dart               Conj           0%         1d3       32%         1
 Sandblast                Erth           0%         2d4       32%         1
 Call Imp                 Summ           0%         N/A       43%         2
 Passwall                 Tmut/Erth      0%         N/A       43%         2
 Hailstorm                Conj/Ice       0%         3d3       67%         3
 Mephitic Cloud           Conj/Pois/Air  0%         N/A       67%         3
 Stone Arrow              Conj/Erth      0%         3d7       67%         3
 Ice Form                 Ice/Tmut       0%         N/A       97%         4
 Simulacrum               Ice/Necr       0%         N/A       100%        6


Dungeon Overview and Level Annotations

Branches:
Dungeon (6/15)              Sewer (visited)
 Temple: D:4-7

Altars:
Cheibriados
Hepliaklqana
Okawaru
Sif Muna
Wu Jian
Xom
Yredelemnul

Shops:
D:4 [**[

Annotations:
D:5 1 runed translucent door


Innate Abilities, Weirdness & Mutations

You have a pair of small antennae on your head.
A weak demonic guardian rushes to your aid.
You regenerate a little health from kills.
You have a small tail.
Your touch may inflict minor irresistible damage on your foes.


Message History

The kobold dies!
Your Fighting skill increases to level 4!
You have reached level 8!
You feel clever.
Your demonic ancestry asserts itself...
A pair of antennae grows on your head!
Your quasit disappears in a puff of smoke!
Things that are here:
a +0 dagger; a curare-tipped dart
Things that are here:
a +0 dagger; 4 stones; a kobold corpse
There is an escape hatch in the floor here.
z - a metallic golden potion Unknown command.
(D) Dungeon
Where to? (Enter - D:6, ? - help)
What level of the Dungeon? (default 1, ? - help)
There is an escape hatch in the floor here.
There is a stone staircase leading up here.
You climb upwards.
Level annotation: 1 runed translucent door
There is a stone staircase leading down here.
There is an open door here.
There is a stone staircase leading up here.
You climb upwards.
There is a stone staircase leading down here.
There is a stone staircase leading up here.
You climb upwards.
There is a stone staircase leading down here.
There is a stone staircase leading up here.
You climb upwards.
There is a stone staircase leading down here.
There is a stone staircase leading up here.
You climb upwards.
There is a stone staircase leading down here.
There is an open door here.
There is an open door here.
There is an open door here.
There is a staircase leading out of the dungeon here.
Are you sure you want to leave the Dungeon?
This will make you lose the game!
You have escaped!

..# #†####.....#.#...# ##..##
#.###.##########'#########...#
#.#....#.................#..##
#.#....#.#.###########.#.#.##
#.#....#.##.#.......#.##.#.###
.......#.#.#.###'###.#.#.#...#
#[#....#.#.#.#.....#.#.#.#.#.#
#.#.(###.#.#.#.....#.#.#.###.#
.....+.'.#.#.+..@..+.#.#.'.'.#
.....###.#.#.#.....#.#.#.#####
.....# #.#.#.#.....#.#.#.#
#...####.#.#.###+###.#.#.#
#.....##.##.#.......#.##.#####
#.#.#..#.#.###########.#.#...#
..#....#.................#...#
###....#########'#########...#
...............#.#...........#


There were no monsters in sight!

Vanquished Creatures
  An ice beast (D:5)
  An ogre (D:5)
  A centaur (D:6)
  2 kobold brigands
  A phantom (D:6)
  Blork the orc (D:4)
  A scorpion (D:6)
  A hound (D:6)
  A jelly (D:6)
  2 orc wizards (D:6)
  3 gnolls (D:3)
  A river rat (Sewer)
  9 adders
  A white imp (D:6)
  2 ufetubi (D:5)
  A worm (D:4)
  2 dart slugs
  16 orcs
  3 endoplasms
  4 giant cockroaches
  6 goblins
  9 hobgoblins
  2 jackals (Sewer)
  6 quokkas
  3 ball pythons
  8 bats
  A frilled lizard (D:2)
  A goblin skeleton (D:5)
  A jackal zombie (D:5)
  5 kobolds
  9 rats
105 creatures vanquished.

Vanquished Creatures (collateral kills)
  A kobold brigand (Sewer)
  A sleepcap (D:4)
  2 orcs (D:5)
  2 kobolds
  A ball python (D:3)
7 creatures vanquished.

Grand Total: 112 creatures vanquished

Notes
Turn   | Place    | Note
-------+----------+-------------------------------------------
     0 | D:1      | Alarkh the Demonspawn Artificer began the quest for the
                  | Orb.
     0 | D:1      | Reached XP level 1. HP: 15/15 MP: 1/1
   152 | D:1      | Reached skill level 1 in Dodging
   152 | D:1      | Reached skill level 1 in Stealth
   490 | D:2      | Discovered your monstrous ancestry.
   490 | D:2      | Gained mutation: Your touch may inflict minor irresistible
                  | damage on your foes. [demonic ancestry]
   490 | D:2      | Reached XP level 2. HP: 21/21 MP: 2/2
   499 | D:2      | Found a snail-covered altar of Cheibriados.
   628 | D:2      | Reached skill level 1 in Unarmed Combat
   639 | D:2      | Gained mutation: A weak demonic guardian rushes to your
                  | aid. [demonic ancestry]
   639 | D:2      | Reached XP level 3. HP: 16/26 MP: 3/3
   987 | D:2      | Reached skill level 2 in Unarmed Combat
  1318 | D:3      | Found a hazy altar of Hepliaklqana.
  1347 | D:3      | Found an iron altar of Okawaru.
  1368 | D:3      | Gained mutation: You regenerate a little health from kills.
                  | [demonic ancestry]
  1368 | D:3      | Reached XP level 4. HP: 19/32 MP: 4/4
  1374 | D:3      | Reached skill level 3 in Unarmed Combat
  2151 | D:4      | Reached XP level 5. HP: 8/37 MP: 5/5
  2312 | D:4      | Reached skill level 4 in Unarmed Combat
  2348 | D:4      | Found Honkocit's Antique Armour Shop.
  2399 | D:4      | Found Maor Kaf's General Store.
  2403 | D:4      | Noticed Blork the orc
  2410 | D:4      | Killed Blork the orc
  2439 | D:4      | Found Xomoguon's Antique Armour Shoppe.
  2530 | D:4      | Found an ornate altar of the Wu Jian Council.
  2531 | D:4      | Found a shimmering blue altar of Sif Muna.
  2594 | D:4      | Found a shimmering altar of Xom.
  2677 | D:4      | Found Teypar's General Store.
  2741 | D:5      | Entered Level 5 of the Dungeon
  2757 | D:5      | Noticed an ogre
  2767 | D:5      | Killed an ogre
  2768 | D:5      | Reached skill level 5 in Unarmed Combat
  2768 | D:5      | Gained mutation: You have a small tail. [demonic ancestry]
  2768 | D:5      | Reached XP level 6. HP: 32/43 MP: 6/6
  2777 | D:5      | Identified the +2 buckler of Zyjaqeuq {rPois}
  3120 | D:5      | Found a runed translucent door.
  3120 | D:5      | Noticed a human
  3123 | D:5      | Found a basalt altar of Yredelemnul.
  3357 | D:5      | Noticed an ice beast
  3365 | D:5      | Killed an ice beast
  3755 | D:6      | Reached skill level 6 in Unarmed Combat
  3755 | D:6      | Reached XP level 7. HP: 50/51 MP: 7/7
  3770 | D:6      | Identified the +8 chain mail of the Amoeba {rN+ rCorr}
  4183 | D:6      | Found a glowing drain.
  4205 | Sewer    | Entered a sewer
  4295 | Sewer    | Reached skill level 7 in Unarmed Combat
  4702 | D:6      | Gained mutation: You have a pair of small antennae on your
                  | head. [demonic ancestry]
  4702 | D:6      | Reached XP level 8. HP: 46/60 MP: 8/8
  4955 | D:$      | Got out of the dungeon alive.

Illustrated notes

Levels and vault maps discovered:
D:1:      matt_arrival_los_fun, layout_rooms
D:2:      layout_loops_ring, basic_altar, minmay_tiny_reverse_x
D:3:      layout_loops_ring, mainiacjoe_overflow_boulevard,
          okawaru_altar_gauntlet_db
D:4:      layout_rooms, gammafunk_temple_overflow_claw, serial_shops, shop,
          nicolae_stop_n_shop_1, shop_statue, nicolae_take_the_stairs,
          uniq_blork_the_orc
D:5:      layout_basic, dk_yredelemnul_ordeal
D:6:      layout_loops_ring, gup_sewer_entry_pipe

Skill      XL: |  1  2  3  4  5  6  7 |
---------------+----------------------+-----
Dodging        | 1 |  1.1
Stealth        | 1 |  1.1
Unarmed Combat | 1 2 3 5 6 7 |  7.4
Fighting       | 2 4 |  4.0
Armour         | |  1.9
Evocations     | |  3.1

Action                     |  1- 3 |  4- 6 |  7- 9 || total
---------------------------+-------+-------+-------++-------
  Melee: Dagger            |   128 |   113 |       ||   241
         Club              |     7 |       |       ||     7
         Punch             |     2 |     2 |       ||     4
         Touch             |    13 |    30 |    14 ||    57
         Unarmed           |       |    33 |    92 ||   125
         Tailslap          |       |     7 |    12 ||    19
  Evoke: Wand              |     5 |    12 |       ||    17
   Stab: Sleeping          |     4 |     1 |     1 ||     6
 Armour: Leather armour    |    42 |    37 |    11 ||    90
  Dodge: Dodged            |    82 |    77 |    44 ||   203
